 Dungeon Crawl Stone Soup version bcrawl-1.28 (webtiles) character file.

Game seed: 9741763224302611414

152131 MisterOstroum the Conjurer (level 2, -3/24 HPs)
             Began as a Troll Conjurer on Nov 22, 2020.
             Slain by a leopard gecko (4 damage)
             ... on level 2 of the Dungeon.
             The game lasted 00:01:00 (146 turns).

MisterOstroum the Conjurer (Troll Conjurer)          Turns: 146, Time: 00:01:00

Health: -3/24      AC:  4    Str: 15    XL:     2   Next: 51%
Magic:  0/3        EV: 10    Int: 12    God:
Gold:   0          SH:  0    Dex: 10    Spells: 3/4 levels left

rFire    . . .     SeeInvis .     - Claws (10.3)
rCold    . . .     Gourm    +   (no shield)
rNeg     . . .     Faith    .   (armour unavailable)
rPois    .         Spirit   .   (helmet restricted)
rElec    .         Reflect  .   (no cloak)
rCorr    .         Harm     .   (gloves unavailable)
MR       .....                  (boots unavailable)
Stlth    +.........             (no amulet)
HPRegen  0.08/turn              (no ring)
MPRegen  0.08/turn              (no ring)

@: no status effects
A: large, almost no armour, claws 3, fast metabolism 3, gourmand, AC +4
a: no special abilities


You were on level 2 of the Dungeon.
You were not hungry.

You visited 1 branch of the dungeon, and saw 2 of its levels.

Inventory:

Missiles
 c - 48 arrows
Scrolls
 a - a scroll of identify {@r1}
Potions
 b - a potion of magic
Comestibles
 d - a chunk of flesh
 e - 2 rations {!d}


   Skills:
 - Level 1.5 Dodging
 - Level 1.1 Stealth
 - Level 1.5 Spellcasting
 + Level 3.5 Conjurations


You had 3 spell levels left.
You knew the following spells:

 Your Spells              Type           Power        Failure   Level  Hunger
a - Magic Dart            Conj           #...         7%          1    None

Your spell library contained the following spells:

 Spells                   Type           Power        Failure   Level  Hunger
 Searing Ray              Conj           #.......     10%         2    ###....
 Iskenderun's Mystic Bla  Conj           #.......     21%         3    #####..
 Fulminant Prism          Conj/Hex       #.........   80%         4    ######.
 Irradiate                Conj/Tmut      #.........   98%         5    #######


Dungeon Overview and Level Annotations

Branches:
Dungeon (2/12)

Altars:


Innate Abilities, Weirdness & Mutations

You cannot wear most types of armour.
Your thick skin is tough. (AC +4)
You are too large for most types of armour.
You have claws for hands.
Your metabolism is lightning-fast.
You like to eat raw meat.


Message History

The ooze closely misses you.
You climb downwards.
A leopard gecko comes into view.
The leopard gecko hisses angrily.
There is a stone staircase leading up here.
You scratch the ooze.
The ooze is moderately wounded.
The ooze hits you but does no damage. The leopard gecko bites you.
* * * LOW HITPOINT WARNING * * *
You scratch the ooze but do no damage.
The ooze is moderately wounded.
The ooze hits you but does no damage. The leopard gecko bites you.
* * * LOW HITPOINT WARNING * * *
A giant cockroach comes into view.
The leopard gecko barely misses you. The ooze barely misses you.
The giant cockroach waves its antennae.
The leopard gecko hisses menacingly.
There is a stone staircase leading up here.
You scratch the ooze.
The ooze is heavily wounded.
The ooze closely misses you.
You scratch the ooze.
The ooze is severely wounded.
The ooze hits you.
* * * LOW HITPOINT WARNING * * *
You closely miss the giant cockroach.
The giant cockroach bites you but does no damage.
The giant cockroach closely misses you.
The giant cockroach bites you but does no damage.
You see here 333 sling bullets.
You scratch the giant cockroach but do no damage.
The giant cockroach bites you but does no damage.
The leopard gecko barely misses you. The giant cockroach closely misses you.
Casting: Magic Dart (safe; 7% risk of failure)
Confirm with . or Enter, or press ? or * to list all spells.
Aiming: Magic Dart (safe; 7% risk of failure)
Press: ? - help, Shift-Dir - straight line, f - giant cockroach
Aim: a giant cockroach (clinging)
The magic dart hits the giant cockroach.
The giant cockroach is moderately wounded.
The giant cockroach bites you but does no damage.
You closely miss the giant cockroach.
The giant cockroach is moderately wounded.
The giant cockroach misses you.
Casting: Magic Dart (safe; 7% risk of failure)
Confirm with . or Enter, or press ? or * to list all spells.
Aiming: Magic Dart (safe; 7% risk of failure)
Press: ? - help, Shift-Dir - straight line, f/p - giant cockroach
Aim: a giant cockroach (moderately wounded, clinging)
The magic dart hits the giant cockroach but does no damage.
The giant cockroach is moderately wounded.
The giant cockroach misses you.
The giant cockroach bites you but does no damage.
Casting: Magic Dart (safe; 7% risk of failure)
Confirm with . or Enter, or press ? or * to list all spells.
Aiming: Magic Dart (safe; 7% risk of failure)
Press: ? - help, Shift-Dir - straight line, f/p - giant cockroach
Aim: a giant cockroach (moderately wounded, clinging)
The magic dart hits the giant cockroach.
The giant cockroach is heavily wounded.
The giant cockroach bites you.
* * * LOW HITPOINT WARNING * * *
You scratch the giant cockroach but do no damage.
The giant cockroach is heavily wounded.
The giant cockroach bites you but does no damage.
You closely miss the giant cockroach.
The giant cockroach is heavily wounded.
The giant cockroach barely misses you.
You closely miss the giant cockroach.
The giant cockroach is heavily wounded.
The giant cockroach completely misses you.
You scratch the giant cockroach but do no damage.
The giant cockroach is heavily wounded.
The giant cockroach barely misses you. x2
You scratch the giant cockroach but do no damage.
The giant cockroach is heavily wounded.
The giant cockroach barely misses you.
You scratch the giant cockroach.
The giant cockroach is severely wounded.
The giant cockroach bites you.
* * * LOW HITPOINT WARNING * * *
You claw the giant cockroach!
You kill the giant cockroach!
The leopard gecko misses you. The leopard gecko bites you.
* * * LOW HITPOINT WARNING * * *
Casting: Magic Dart (safe; 7% risk of failure)
Confirm with . or Enter, or press ? or * to list all spells.
Aiming: Magic Dart (safe; 7% risk of failure)
Press: ? - help, Shift-Dir - straight line, f - leopard gecko
Aim: a leopard gecko (clinging)
The magic dart hits the leopard gecko.
The leopard gecko is severely wounded.
The leopard gecko barely misses you.
Okay, then.
Unknown command.
The leopard gecko bites you.
You die...

# #.### ####.....#
......#..##### #####
.##(#.#.... ..#.$...
.%......#.###.#..#
.#......#........#
...........##.##.#
..!........##.#
........(@lJ..#
#.......####### ..
#.#####.## . #...# ?#
#...# ###.# .# #...#
#...###.#
.###..<#####.#.....# .
............#...$...###..
....................#....


You could see an ooze and a leopard gecko.

Vanquished Creatures
  An ooze (D:1)
  6 giant cockroaches
  2 jackals (D:1)
  A bat (D:1)
  4 rats (D:1)
14 creatures vanquished.

Notes
Turn   | Place    | Note
-------+----------+-------------------------------------------
     0 | D:1      | MisterOstroum the Troll Conjurer began the quest for the
                  | Orb.
     0 | D:1      | Reached XP level 1. HP: 16/16 MP: 2/2
     2 | D:1      | Found a runed door.
    25 | D:1      | Reached skill level 3 in Conjurations
    66 | D:1      | Reached XP level 2. HP: 18/24 MP: 0/3
   142 | D:2      | HP: 1/24 [leopard gecko (4)]
   146 | D:2      | Slain by a leopard gecko

Skill      XL: |  1 |
---------------+----+-----
Conjurations   | 3 |  3.5
Dodging        | |  1.5
Stealth        | |  1.1
Spellcasting   | |  1.5

Action                   || total
-------------------------++-------
Melee: Unarmed           ||    46
 Cast: Magic Dart        ||     9
Armor: Skin              ||    29
Dodge: Dodged            ||    35
